 Dungeon Sprint DCSS version 0.30.1-11-g7821555f0a (webtiles) character file.

Game seed: 3122769348893491451

11223 Heoruswealwe the Phalangite (level 11, -4/117 HPs)
             Began as a Minotaur Fighter on Nov 9, 2023.
             Was an Initiate of Gozag.
             Slain by a sun demon (5 damage)
             ... summoned by an orc high priest
             ... in the Dungeon (Sprint IX: "|||||||||||||||||||||||||||||").
             The game lasted 00:11:25 (1192 turns).

Heoruswealwe the Phalangite (Minotaur Fighter)      Turns: 1192, Time: 00:11:26

Health: -4/117     AC: 30    Str: 28    XL:     11   Next: 46%
Magic:  10/10      EV: 10    Int:  5    God:    Gozag
Gold:   6167       SH:  0    Dex: 16    Spells: 10/10 levels left

rFire   + . .        b - +2 halberd (protect)
rCold   . . .        (shield currently unavailable)
rNeg    . . .        c - +0 plate armour
rPois   .            (helmet restricted)
rElec   .            h - +0 cloak
rCorr   .            f - +0 pair of gloves
SInv    .            e - +0 pair of boots
Will    .....        (no amulet) Stlth
                     k - +2 ring of evasion
HPRegen 0.39/turn    j - ring of Hahufuwe {Drain rF+ Str+3 Dex+6 Slay+6}
MPRegen 0.12/turn

%: no teleportation
@: spiked, under a protective aura
A: horns 2, retaliatory headbutt
a: Renounce Religion, Potion Petition, Call Merchant, Bribe Branch


You were in the Dungeon.
You worshipped Gozag.
Gozag was greatly pleased with you.
You visited 1 branch You collected 6167 gold pieces.

Inventory:

Hand Weapons
 a - a +0 trident
 b - a +2 halberd of protection (weapon)
Armour
 c - a +0 plate armour (worn)
 d - a +0 buckler
 e - a +0 pair of boots (worn)
 f - a +0 pair of gloves (worn)
 h - a +0 cloak (worn)
Jewellery
 j - the ring of Hahufuwe (right hand) {Drain rF+ Str+3 Dex+6 Slay+6}
   (You found it in the Dungeon)

   [ring of dexterity]

   Str:       It affects your strength (+3).
   Dex:       It affects your dexterity (+6).
   Slay:      It affects your accuracy & damage with ranged weapons and melee
   (+6).
   rF:        It protects you from fire.
   Drain:     It drains your maximum health when unequipped.
 k - a +2 ring of evasion (left hand)
Wands
 q - a wand of iceblast (10)
Scrolls
 o - 2 scrolls of identify
 p - 3 scrolls of blinking
Potions
 g - 2 potions of haste
 i - a potion of berserk rage
 l - 3 potions of curing
 m - 2 potions of mutation
 n - a potion of might


   Skills:
 + Level 17.4 Fighting
 * Level 23.4 Polearms
 + Level 17.4 Armour
 - Level 3.6 Shields


You had 10 spell levels left.
You didn't know any spells.
Your spell library was empty.

Dungeon Overview and Level Annotations

Branches:
Dungeon (1/1)

Altars:
Cheibriados
Dithmenos
Elyvilon
Fedhas
Gozag
Hepliaklqana
Kikubaaqudgha
Makhleb
Nemelex Xobeh
Okawaru
Qazlal
Ru
Sif Muna
Trog
Uskayaw
Vehumet
Wu Jian
Xom
Yredelemnul
Zin
The Shining One
Jiyva
Lugonu

Shops:
D (!


Innate Abilities, Weirdness & Mutations

You have a pair of horns on your head.
You reflexively headbutt those who attack you in melee.


Message History

The red devil is no longer distracted by gold.
The orc high priest is no longer distracted by gold.
The red devil is distracted by your dazzling golden aura.
Reach: b) +2 halberd (protect)
Press: ? - help, Dir - move target, f/p - red devil
Aim: a red devil, wielding a +0 trident (summoned, unaware, hasn't noticed you, about 29% to evade your +2 halberd of protection)
You reach to attack!
You hit the red devil but do no damage.
The red devil is no longer distracted by gold.
The orc high priest prays to Beogh.
The red devil hits you but does no damage.
The orc high priest invokes the aid of Beogh against you.
Beogh smites you!
* * * LOW HITPOINT WARNING * * *
You hit the sun demon.
The sun demon is lightly wounded.
You hit the sun demon.
The sun demon is lightly wounded.
The sun demon hits you but does no damage.
The orc high priest calls down the wrath of Beogh upon you.
Beogh smites you!
* * * LOW HITPOINT WARNING * * *
The red devil hits you from afar with a +0 trident.
* * * LOW HITPOINT WARNING * * *
Barbed spikes become lodged in your body.
You feel better. The sun demon hits you.
* * * LOW HITPOINT WARNING * * *
You are engulfed in flames!
You resist.
* * * LOW HITPOINT WARNING * * *
The red devil barely misses you. The sun demon barely misses you.
You feel better.
The red devil hits you but does no damage.
The sun demon hits you but does no damage.
You slice the sun demon!! You headbutt the sun demon.
The sun demon is almost dead.
The red devil hits you but does no damage.
The sun demon hits you!
* * * LOW HITPOINT WARNING * * *
You are engulfed in flames.
You resist.
You die...
Your body crumbles into a pile of gold.

▓)▓.▓.▓.▓_▓
▓)▓.▓.▓.▓_▓
▓)▓.▓.▓.▓_▓
▓)▓.▓.▓.▓_▓
▓.▓.▓.▓.▓_▓
▓.▓.▓.▓.▓_▓
▓.▓.▓.▓.▓_▓
▓$▓.▓.▓.▓_▓
▓@▓.▓'▓.▓'▓
▓3▓.▓.▓.▓!▓
▓4▓.▓.▓.▓?▓
▓o▓.▓.▓.▓)▓
▓o▓.▓.▓.▓[▓
▓4▓.▓.▓.▓=▓
▓o▓.▓.▓.▓.▓
▓4▓.▓.▓.▓.▓
$▓.▓.▓.▓.▓


You could see an orc knight, 2 orc high priests, a sun demon (summoned), an
orange demon (summoned), an ice devil (summoned) and a red devil (summoned).

Vanquished Creatures
  2 centaur warriors (D)
  A death yak (D)
  A two-headed ogre (D)
  3 orc high priests (D)
  3 orc knights (D)
  A cyclops (D)
  An orc sorcerer (D)
  An elephant (D)
  A cane toad (D)
  A rime drake (D)
  A tengu conjurer (D)
  A komodo dragon (D)
  A troll (D)
  3 tyrant leeches (D)
  A blink frog (D)
  A wyvern (D)
  A vampire (D)
  A yak (D)
  3 basilisks (D)
  3 water moccasins (D)
  9 orc warriors (D)
  2 wolves (D)
  A centaur (D)
  3 kobold brigands (D)
  2 bullfrogs (D)
  3 orc priests (D)
  An iguana (D)
  3 orc wizards (D)
  A hell rat (D)
  A gnoll (D)
  A shadow imp (D)
  5 worms (D)
  A dart slug (D)
  8 orcs (D)
  A goblin (D)
  2 ball pythons (D)
  A kobold (D)
  A rat (D)
77 creatures vanquished.

Notes
Turn   | Place    | Note
-------+----------+-------------------------------------------
     0 | D        | Heoruswealwe the Minotaur Fighter began the quest for the
                  | Orb.
     0 | D        | Reached XP level 1. HP: 19/19 MP: 0/0
     7 | D        | Reached skill level 3 in Polearms
    22 | D        | Noticed an iguana
    26 | D        | Reached skill level 4 in Polearms
    26 | D        | Reached XP level 2. HP: 28/28 MP: 1/1
    31 | D        | Reached skill level 5 in Fighting
    31 | D        | Reached skill level 6 in Polearms
    31 | D        | Reached skill level 5 in Armour
    31 | D        | Reached XP level 3. HP: 26/36 MP: 2/2
    45 | D        | Found a snail-covered altar of Cheibriados.
    45 | D        | Found a shadowy altar of Dithmenos.
    45 | D        | Found a white marble altar of Elyvilon.
    45 | D        | Found a blossoming altar of Fedhas.
    45 | D        | Found an opulent altar of Gozag.
    46 | D        | Found a hazy altar of Hepliaklqana.
    47 | D        | Found a viscous altar of Jiyva.
    48 | D        | Found an ancient bone altar of Kikubaaqudgha.
    49 | D        | Found a corrupted altar of Lugonu.
    50 | D        | Found a burning altar of Makhleb.
    51 | D        | Found a sparkling altar of Nemelex Xobeh.
    52 | D        | Found an iron altar of Okawaru.
    53 | D        | Found a stormy altar of Qazlal.
    55 | D        | Became a worshipper of Gozag Ym Sagoz the Greedy
    57 | D        | Found a sacrificial altar of Ru.
    58 | D        | Found a shimmering blue altar of Sif Muna.
    59 | D        | Found a bloodstained altar of Trog.
    60 | D        | Found a hide-covered altar of Uskayaw.
    61 | D        | Found a radiant altar of Vehumet.
    62 | D        | Found an ornate altar of the Wu Jian Council.
    63 | D        | Found a shimmering altar of Xom.
    64 | D        | Found a basalt altar of Yredelemnul.
    65 | D        | Found a glowing silver altar of Zin.
    66 | D        | Found a glowing golden altar of the Shining One.
   131 | D        | Noticed a centaur
   131 | D        | Noticed a kobold brigand
   131 | D        | Noticed a vampire
   131 | D        | Noticed a kobold brigand
   131 | D        | Noticed a kobold brigand
   131 | D        | Noticed a two-headed ogre
   133 | D        | Killed a centaur
   134 | D        | Reached skill level 8 in Polearms
   134 | D        | Reached XP level 4. HP: 41/45 MP: 3/3
   136 | D        | Killed a kobold brigand
   137 | D        | Reached skill level 9 in Polearms
   137 | D        | Reached XP level 5. HP: 50/53 MP: 4/4
   153 | D        | Killed a vampire
   154 | D        | Reached skill level 11 in Polearms
   154 | D        | Reached XP level 6. HP: 31/62 MP: 5/5
   158 | D        | Reached skill level 12 in Polearms
   165 | D        | Killed a two-headed ogre
   166 | D        | Reached skill level 14 in Polearms
   166 | D        | Reached XP level 7. HP: 37/74 MP: 6/6
   166 | D        | Reached XP level 8. HP: 41/82 MP: 7/7
   291 | D        | Noticed a centaur warrior
   291 | D        | Noticed a cyclops
   291 | D        | Noticed a troll
   291 | D        | Noticed a tengu conjurer
   291 | D        | Noticed a centaur warrior
   300 | D        | Killed a centaur warrior
   301 | D        | Reached skill level 16 in Polearms
   307 | D        | Killed a cyclops
   308 | D        | Reached XP level 9. HP: 41/92 MP: 8/8
   312 | D        | Killed a troll
   313 | D        | Reached skill level 17 in Polearms
   327 | D        | Killed a centaur warrior
   328 | D        | Reached skill level 18 in Polearms
   329 | D        | Killed a tengu conjurer
   615 | D        | Got the ring of Hahufuwe {Drain rF+ Str+3 Dex+6 Slay+6}
   636 | D        | Noticed an elephant
   639 | D        | Noticed a komodo dragon
   643 | D        | Killed an elephant
   644 | D        | Reached skill level 19 in Polearms
   647 | D        | Reached XP level 10. HP: 104/104 MP: 9/9
   671 | D        | Noticed a death yak
   671 | D        | Noticed a cane toad
   674 | D        | Reached skill level 20 in Polearms
   683 | D        | Killed a death yak
   684 | D        | Reached skill level 15 in Fighting
   684 | D        | Reached skill level 15 in Armour
   703 | D        | Killed a cane toad
   708 | D        | Reached skill level 21 in Polearms
  1064 | D        | Noticed an orc knight
  1069 | D        | Noticed an orc sorcerer
  1076 | D        | Killed an orc knight
  1077 | D        | Reached skill level 22 in Polearms
  1077 | D        | Reached XP level 11. HP: 94/115 MP: 10/10
  1081 | D        | Noticed an orc high priest
  1082 | D        | Killed an orc sorcerer
  1097 | D        | Killed an orc high priest
  1154 | D        | Found Guleav's Antique Weapon Emporium.
  1154 | D        | Noticed an orc knight
  1154 | D        | Noticed an orc knight
  1154 | D        | Noticed an orc high priest
  1154 | D        | Noticed an orc high priest
  1154 | D        | Noticed an orc high priest
  1156 | D        | Noticed an orc knight
  1157 | D        | Noticed a soul eater
  1159 | D        | Killed an orc knight
  1169 | D        | Killed an orc knight
  1174 | D        | Killed an orc high priest
  1175 | D        | Reached skill level 23 in Polearms
  1175 | D        | Found Ciryxt's Distillery.
  1175 | D        | Noticed an orc high priest
  1178 | D        | Killed an orc high priest
  1188 | D        | Noticed a sun demon
  1190 | D        | HP: 4/117 [sun demon[an orc high priest] (9)]
  1192 | D        | HP: 1/117 [sun demon[an orc high priest] (14)]
  1192 | D        | Slain by a sun demon

Illustrated notes

Levels and vault maps discovered:
D:        linesprint [early_d, line_temple, items_1, d_10, items_2, lair_1,
          lair_end, items_3, orc_1, orc_end, items_4, d_15, swamp_1, shoals_1,
          snake_1, spider_1, d_20, vaults_1, items_5, swamp_end, shoals_end,
          snake_end, spider_end, vaults_end, d_27, items_6, zot_1, zot_end,
          crypt_end, forest_end, elf_end, slime_end, tomb_end, abyss_end,
          pan_hell_end]

Skill      XL: |  1  2  3  4  5  6  7  8  9 10 11 |
---------------+----------------------------------+-----
Polearms       | 4 6 8 9 11 14 16 19 22 23 | 23.4
Fighting       | 4 5 6 7 8 11 12 14 16 17 | 17.4
Armour         | 4 5 6 7 8 11 12 14 16 17 | 17.4
Shields        | |  3.6

Action                     |  1- 3 |  4- 6 |  7- 9 | 10-12 || total
---------------------------+-------+-------+-------+-------++-------
  Melee: Trident           |    24 |       |       |       ||    24
         Headbutt          |     6 |     4 |     6 |    25 ||    41
         Halberd           |     1 |    27 |    38 |   143 ||   209
    Use: Potion            |       |     3 |     1 |     4 ||     8
   Stab: Distracted        |       |       |       |     1 ||     1
 Armour: Scale mail        |     5 |       |       |       ||     5
         Chain mail        |     1 |    22 |    58 |    20 ||   101
         Plate armour      |       |       |       |    33 ||    33
  Dodge: Dodged            |     7 |     7 |    24 |    32 ||    70
  Block: Buckler           |     4 |       |       |       ||     4
